 Dungeon Crawl Stone Soup version 0.30-b1-2-g02819fbbbe (webtiles) character file.

Game seed: 17488852723638909174

277 craig the Trooper (level 6, -4/57 HPs)
             Began as a Minotaur Wanderer on Sept 14, 2023.
             Was a Believer of Wu Jian.
             Splashed by a jelly's acid (5 damage)
             ... on level 6 of the Dungeon.
             The game lasted 00:15:00 (1288 turns).

craig the Trooper (Minotaur Wanderer)               Turns: 1288, Time: 00:15:01

Health: -4/57      AC: -2    Str: 19    XL:     6   Next: 4%
Magic:  5/5        EV: 11    Int:  7    God:    Wu Jian [**....]
Gold:   55         SH:  0    Dex: 11    Spells: 5/5 levels left

rFire   + . .        h - +3 dagger
rCold   . . .        (no shield)
rNeg    . . .        c - +2 ring mail
rPois   .            (helmet restricted)
rElec   .            (no cloak)
rCorr   .            (no gloves)
SInv    .            f - +0 pair of boots
Will    .....        k - amulet of faith
Stlth   +            g - ring of protection from fire
HPRegen 0.29/turn    (no ring)
MPRegen 0.09/turn

%: faith
@: corroded
A: horns 2, retaliatory headbutt
a: Renounce Religion, Wall Jump


You were on level 6 of the Dungeon.
You worshipped Wu Jian.
Wu Jian was pleased with you.
You visited 1 branch of the dungeon, and saw 6 of its levels.
You also visited: Sewer.

You collected 55 gold pieces.

Inventory:

Hand Weapons
 a - a +0 club of flaming
 h - a +3 dagger (weapon)
Armour
 c - a +2 ring mail (worn)
 f - a +0 pair of boots (worn)
Jewellery
 g - a ring of protection from fire (left hand)
 k - an amulet of faith (around neck)
Wands
 e - a wand of mindburst (3) (quivered)
Scrolls
 b - a scroll of vulnerability
 d - 2 scrolls of teleportation
 l - a scroll of magic mapping
Potions
 i - a potion of haste
 j - a potion of flight


   Skills:
 + Level 6.0 Fighting
 + Level 0.1 Short Blades
 + Level 3.1 Maces & Flails
 + Level 5.0 Armour
 + Level 2.3 Dodging
 + Level 0.1 Stealth
 + Level 3.3 Evocations


You had 5 spell levels left.
You didn't know any spells.
Your spell library was empty.

Dungeon Overview and Level Annotations

Branches:
Dungeon (6/15)             Temple (0/1) D:6           Sewer (visited)

Altars:
Kikubaaqudgha
Wu Jian


Innate Abilities, Weirdness & Mutations

You have a pair of horns on your head.
You reflexively headbutt those who attack you in melee.


Message History

Your hands burn!
The jelly is moderately wounded.
The jelly closely misses you.
You hit the jelly.
Your hands burn!
The jelly is heavily wounded.
The jelly closely misses you.
You hit the jelly.
Your hands burn!
The jelly is heavily wounded.
The jelly completely misses you.
You hit the jelly. The acid corrodes you!
Your hands burn!
The jelly is severely wounded.
The jelly completely misses you.
You hit the jelly but do no damage. The acid corrodes you!
Your hands burn!
You headbutt the jelly.
The jelly is severely wounded.
The jelly closely misses you. You furiously retaliate!
You headbutt the jelly, but do no damage.
You hit the jelly but do no damage.
Your hands burn!
The jelly is severely wounded.
The jelly closely misses you.
You hit the jelly but do no damage.
Your hands burn!
The jelly is severely wounded.
The jelly hits you. The acid corrodes you!
You are splashed with acid!
You barely miss the jelly.
The jelly is severely wounded.
The jelly hits you.
You are splashed with acid!
* * * LOW HITPOINT WARNING * * *
You hit the jelly. The acid corrodes you!
Your hands burn!
* * * LOW HITPOINT WARNING * * *
The jelly is almost dead.
The jelly barely misses you.
You hit the jelly but do no damage.
Your hands burn!
* * * LOW HITPOINT WARNING * * *
The jelly is almost dead.
The jelly hits you.
* * * LOW HITPOINT WARNING * * *
You are splashed with acid!
* * * LOW HITPOINT WARNING * * *
You hit the jelly but do no damage. The acid corrodes you!
Your hands burn!
You die...

......###### .#
.#.#.#.....##+#.#
.#...'..........##
.#.###....#.#....#
.........#.#.#...# # #
##.####.#.#.#.#.##...###
..####..#.>.#..........
#......#.#.#.#.##...#
........#.#.#..@J...+
.........#.#....#...#
....)..........## ..#
................ .#
........#..>.....#
...####.#.......# ...
#.#.......# #...........
#.......##


You could see a jelly.

Vanquished Creatures
  Pargi (Sewer)
  A scorpion (D:4)
  A jelly (D:6)
  An orc priest (D:2)
  An adder (Sewer)
  A shadow imp (D:5)
  A worm (D:4)
  A dart slug (D:2)
  4 orcs
  2 endoplasms
  2 giant cockroaches (D:4)
  2 goblins (D:1)
  3 hobgoblins
  3 jackals (D:1)
  6 quokkas
  6 ball pythons
  2 bats
  5 frilled lizards
  2 kobolds (D:4)
  2 rats
47 creatures vanquished.

Notes
Turn   | Place    | Note
-------+----------+-------------------------------------------
     0 | D:1      | craig the Minotaur Wanderer began the quest for the Orb.
     0 | D:1      | craig set off with the following items: a +0 club, a scroll
                  | of vulnerability, a +0 ring mail, a potion of haste, a wand
                  | of mindburst (14).
     0 | D:1      | Reached XP level 1. HP: 22/22 MP: 0/0
   170 | D:1      | Reached skill level 5 in Fighting
   191 | D:1      | Reached XP level 2. HP: 24/29 MP: 1/1
   211 | D:1      | Found a faded altar of an unknown god.
   383 | D:1      | Prayed at the altar of an unknown god.
   383 | D:1      | Became a worshipper of the Wu Jian Council
   383 | D:1      | Reached * piety under Wu Jian
   467 | D:2      | Found an ancient bone altar of Kikubaaqudgha.
   485 | D:2      | Reached XP level 3. HP: 34/36 MP: 2/2
   754 | D:4      | Found a glowing drain.
   778 | Sewer    | Entered a sewer
   794 | Sewer    | Reached skill level 1 in Maces & Flails
   815 | Sewer    | Reached XP level 4. HP: 42/42 MP: 3/3
   824 | Sewer    | Reached ** piety under Wu Jian
   829 | Sewer    | Noticed Pargi
   832 | Sewer    | Killed Pargi
   833 | Sewer    | Reached skill level 1 in Dodging
   833 | Sewer    | Reached XP level 5. HP: 39/50 MP: 4/4
  1073 | D:4      | Reached skill level 5 in Armour
  1084 | D:5      | Entered Level 5 of the Dungeon
  1162 | D:6      | Reached skill level 6 in Fighting
  1162 | D:6      | Reached XP level 6. HP: 32/57 MP: 5/5
  1264 | D:6      | Found a staircase to the Ecumenical Temple.
  1287 | D:6      | HP: 1/57 [acid (7)]
  1288 | D:6      | Splashed by a jelly's acid

Illustrated notes

Levels and vault maps discovered:
D:1:      saegor_arrival_under_anarchy, layout_rooms,
          hellmonk_ecumenical_altar_slurped_away
D:2:      layout_basic, basic_altar
D:3:      layout_loops_ring, nicolae_ru_awakened_eye,
          mainiacjoe_overflow_surrounded_room
D:4:      layout_loops_ring, amcnicky_altar_gilded, cheibrodos_sewer_entry_drain
D:5:      layout_loops_ring
D:6:      layout_basic, doesnt_xom_only_xom, minmay_temple_entry_grid,
          nrook_campfire, minivault_11

Skill      XL: |  1  2  3  4  5 |
---------------+----------------+-----
Fighting       | 5 6 |  6.0
Evocations     | 3 |  3.3
Armour         | 4 5 |  5.0
Maces & Flails | 1 2 3 |  3.1
Dodging        | 1 2 |  2.3
Short Blades   | |  0.1
Stealth        | |  0.1

Action                     |  1- 3 |  4- 6 || total
---------------------------+-------+-------++-------
  Melee: Club              |    50 |    16 ||    66
         Headbutt          |     9 |     5 ||    14
         Dagger            |       |    36 ||    36
         Punch             |       |     1 ||     1
Ability: Whirlwind         |    10 |     3 ||    13
         Lunge             |     1 |     3 ||     4
  Evoke: Wand              |     5 |     6 ||    11
    Use: Scroll            |     3 |     6 ||     9
         Potion            |     2 |     2 ||     4
 Armour: Ring mail         |    48 |    17 ||    65
  Dodge: Dodged            |    50 |    29 ||    79
